AoeStats
← alexisius(FR)

Nomad

508294535Analyzed
3v3 RM · 12d ago on Sep 21, 2026· 45m 16s· 6 players
Game mode
Random Map
Map size
210×210
Population
200
Speed
Normal
Resources
Standard
Victory
Conquest
Starting age
Dark Age
Ending age
Imperial Age
RankedLock teamsTeams togetherTeam positionsShared explorationLock speedFull tech treeHidden civsTurbo modeCheats
Victory
Defeat
🇫🇷 Lithuanians · France
1242
+12
🇫🇷 Burgundians · France
1223
+13
🇫🇷 Italians · France
1221
+13
🇲🇽 Vietnamese · Mexico
1249
-17
1148
-12
🇩🇪 Spanish · Germany
1063
-9
Kaiser Johannes Markus IV.
9:43 Loom
13:57 Feudal Age
15:14 Double-Bit Axe
20:35 Castle Age
20:49 Gold Mining
21:38 Scale Barding Armor
24:24 Husbandry
25:50 Chain Barding Armor
26:12 Stone Mining
27:06 Forging
28:43 Bloodlines
39:17 Wheelbarrow
39:58 Fletching
42:24 Bodkin Arrow
42:30 Padded Archer Armor
41:53 Elite Skirmisher
44:14 Gold Shaft Mining
GUILLOTINA
4:03 Loom
7:20 Loom
14:57 Feudal Age
19:14 Castle Age
18:14 Fletching
20:00 Bodkin Arrow
25:19 Padded Archer Armor
38:16 Double-Bit Axe
TobsusMaximus
8:53 Loom
14:25 Feudal Age
19:46 Castle Age
19:40 Fishing Lines
31:00 Double-Bit Axe
32:04 Horse Collar
33:26 Heavy Plow
34:56 Bloodlines
35:32 Wheelbarrow
39:53 Imperial Age
37:35 Husbandry
38:18 Forging
39:34 Scale Barding Armor
40:05 Iron Casting
39:38 Gold Mining
39:38 Stone Mining
40:04 Bow Saw
42:36 Elite Skirmisher
42:41 Cavalier
Jack213
4:01 Loom
10:22 Fishing Lines
11:49 Double-Bit Axe
13:28 Wheelbarrow
15:23 Feudal Age
14:53 Horse Collar
19:33 Castle Age
18:17 Stone Mining
19:57 Bow Saw
22:17 Fletching
27:12 Town Watch
29:54 Gold Mining
30:59 Scale Barding Armor
32:55 Bodkin Arrow
33:50 Chain Barding Armor
34:43 Murder Holes
36:01 Masonry
36:44 Gold Shaft Mining
38:32 Stone Shaft Mining
38:29 Hand Cart
42:18 Imperial Age
41:18 Forging
41:32 Cavalier
42:17 Husbandry
44:14 Plate Barding Armor
skyles
6:51 Loom
13:02 Feudal Age
14:15 Double-Bit Axe
17:32 Castle Age
16:55 Fletching
17:06 Padded Archer Armor
17:12 Gold Mining
17:41 Crossbowman
22:08 Bodkin Arrow
24:34 Town Watch
32:30 Bow Saw
33:09 Leather Archer Armor
36:06 Thumb Ring
36:13 Stone Mining
40:07 Ballistics
42:20 Imperial Age
41:47 Stone Shaft Mining
42:36 Murder Holes
42:21 Treadmill Crane
42:52 Masonry
42:53 Fortified Wall
43:29 Wheelbarrow
43:35 Conscription
45:01 Elite Genoese Crossbowman
alexisius(FR)
3:21 Loom
14:26 Feudal Age
15:08 Gold Mining
20:25 Castle Age
20:13 Double-Bit Axe
21:54 Wheelbarrow
21:11 Stone Mining
27:20 Elite Skirmisher
30:22 Fletching
31:46 Bodkin Arrow
33:43 Hand Cart
38:15 Imperial Age
36:59 Padded Archer Armor
36:43 Pikeman
38:05 Leather Archer Armor
39:40 Forging
39:56 Ballistics
40:29 Scale Mail Armor
42:12 Squires
44:01 Halberdier
46:03 Ring Archer Armor
45:34 Bracer
46:09 Iron Casting
45:49 Chain Mail Armor
Connection lost

Rejoining the realm…

Still unreachable

The connection could not be restored.

Session expired

The server has moved on; the page needs a fresh start.